Cogmind - Beta 10.2 @@@ ROGUE MODE // 2021.02.11 @ 21:38:47 Player: Finestep Result: Destroyed by Tracker with Linked Autogun Performance ------------- Evolutions (5) 2500 Regions Visited (28) 5600 Robots Destroyed (330) 1650 Value Destroyed (14196) 14196 Prototype IDs (241) 4820 Alien Tech Used (0) 0 Bonus (10601) 10601 TOTAL SCORE: 39367 Bonus ------- High Alert Combat Kills 1342 Follower Combat Kills 3422 Entered Garrisons 1000 Used RIF Installer 2500 Network Hubs Disabled 600 Aligned with FarCom 300 Met Data Miner 300 Used Data Conduit 3000 Built Enhanced Grunts 300 A7 Reached Mainframe 300 Met R17 at Cetus 500 Pursued by Intercept 500 Friendly Fire -3463 Cogmind --------- Core Integrity 0/1000 Matter 300/300 Energy 100/100 System Corruption 37% Temperature Cool (0) Movement Core (50) Location -5/Hub_04(d) Parts ------- > --- POWER (2) -------- (None) > --- PROPULSION (4) --- (None) > --- UTILITY (8) ------ (None) > --- WEAPON (3) ------- (None) > --- INVENTORY (4) ---- AWS/Autocannon Peak State ------------ > --- POWER ------------ Fusion Reactor Quantum Reactor > --- PROPULSION ------- Centrium Heavy Treads Centrium Heavy Treads > --- UTILITY ---------- High-capacity Storage Unit High-capacity Storage Unit High-capacity Storage Unit Advanced Terrain Scan Processor Tactical Coordination Suite Advanced Weapon Cycler Advanced Transmission Jammer Centrium Medium Armor Plating > --- WEAPON ----------- Improved KE Penetrator Improved KE Penetrator Improved KE Penetrator > --- INVENTORY -------- Quantum Reactor Centrium Heavy Treads Advanced Cooling System Improved Energy Well Experimental Optical Array Long-range Terrain Scanner Centrium Medium Armor Plating Centrium Medium Armor Plating Damper Plating Relay Coupler [NC] Relay Coupler [NC] Relay Coupler [NC] Relay Coupler [Swarmer] Relay Coupler [Sentry] Relay Coupler [Demolisher] Relay Coupler [Hunter] Relay Coupler [Behemoth] Long-range Proton Cannon Long-range Proton Cannon AWS/Autocannon Improved Proton Missile Launcher Remote Datajack Makeshift Axe [Rating: 128] Favorites ----------- Power Enhanced Nuclear Core Engine Heavy Ion Engine Power Core Enhanced Nuclear Core Reactor Fusion Reactor Propulsion Light Treads Treads Light Treads Leg Enhanced Flexi-carbon Leg Wheel Armored Wheel Flight Unit Improved VTOL Module Utility High-capacity Storage Unit Device Advanced Cooling System Storage High-capacity Storage Unit Processor Advanced Terrain Scan Processor Hackware Relay Coupler [NC] Protection Hardened Heavy Armor Plating Weapon Cooled Pulse Rifle Energy Gun Cooled Pulse Rifle Energy Cannon Heavy Neutron Cannon Ballistic Gun Heavy Assault Rifle Ballistic Cannon Assault Cannon Launcher Improved Proton Missile Launcher Special Weapon Remote Datajack Slashing Weapon Makeshift Axe Special Melee Weapon Datajack Build | -11 -10 -10 -9 -9 -9 -8 -8 -8 -8 -8 -7 -7 -7 -7 -7 -7 -6 -6 -6 -6 -6 -5 -5 -5 -5 -5 -5 -5 ------- Run | Scr Mat Min Mat Min Exi Min Mat Gar Mat Gar Fac Gar Fac Low Low Dat Pro Fac Gar Fac Gar Fac Was Fac Ext Cet Arc Hub Slots Evolved 10 | . . . 2 . . . 2 . . . 2 . . . . . . 2 . . . 2 . . . . . . Power 1 | . . . . . . . . . . . . . . . . . . . . . . 1 . . . . . . Propulsion 2 | . . . 1 . . . . . . . . . . . . . . . . . . 1 . . . . . . Utility 6 | . . . 1 . . . 1 . . . 2 . . . . . . 2 . . . . . . . . . . Weapon 1 | . . . . . . . 1 . . . . . . . . . . . . . . . . . . . . . Parts Attached 392 | 6 16 6 21 1 . 2 20 6 19 25 46 17 28 18 6 14 . 5 33 4 11 8 6 4 10 17 13 30 Power 22 | 1 1 . 3 . . . . 1 . 2 3 . 1 . 2 . . . . . . 1 1 1 . 3 . 2 Engine 8 | 1 . . 3 . . . . 1 . 1 2 . . . . . . . . . . . . . . . . . Core 7 | . 1 . . . . . . . . 1 1 . 1 . 2 . . . . . . 1 . . . . . . Reactor 7 | . . . . . . . . . . . . . . . . . . . . . . . 1 1 . 3 . 2 Propulsion 73 | 2 . 2 10 1 . . 10 3 9 6 5 1 2 4 1 4 . . 1 . . 1 2 . 3 2 . 4 Treads 52 | 2 . . 8 1 . . 6 2 9 5 3 1 . 4 1 1 . . . . . . 2 . 3 2 . 2 Leg 7 | . . . . . . . . . . . . . . . . 3 . . 1 . . 1 . . . . . 2 Wheel 12 | . . 2 2 . . . 2 1 . 1 2 . 2 . . . . . . . . . . . . . . . Hover . | . . . . . . . . . . . . . . . . . . . . . . . . . . . . . Flight 2 | . . . . . . . 2 . . . . . . . . . . . . . . . . . . . . . Utility 118 | 1 3 1 2 . . . 2 1 . 2 15 7 13 4 . 3 . 2 15 4 8 3 2 3 4 4 5 14 Device 46 | . . . . . . . . . . . 2 2 5 2 . 1 . 1 5 2 3 2 . 2 1 3 5 10 Storage 11 | 1 2 1 1 . . . . 1 . 2 3 . . . . . . . . . . . . . . . . . Processor 4 | . 1 . 1 . . . . . . . . . . . . 1 . 1 . . . . . . . . . . Hackware 26 | . . . . . . . . . . . 5 2 5 . . . . . 5 1 4 1 . 1 2 . . . Protection 31 | . . . . . . . 2 . . . 5 3 3 2 . 1 . . 5 1 1 . 2 . 1 1 . 4 Artifact . | . . . . . . . . . . . . . . . . . . . . . . . . . . . . . Weapon 179 | 2 12 3 6 . . 2 8 1 10 15 23 9 12 10 3 7 . 3 17 . 3 3 1 . 3 8 8 10 Energy Gun 11 | 1 1 . . . . . . . . . 4 3 . . . 1 . . . . . . . . . 1 . . Energy Cannon 20 | . . . . . . . . . . 4 1 . . 1 . 2 . 1 4 . 2 1 . . 1 1 . 2 Ballistic Gun 61 | 1 10 3 6 . . 1 6 1 6 4 5 . . . 1 1 . . 4 . . . . . . 1 8 3 Ballistic Cannon 5 | . . . . . . . . . . 2 2 . . . . . . . 1 . . . . . . . . . Launcher 28 | . 1 . . . . 1 2 . 1 3 1 3 1 4 1 1 . 1 2 . 1 . . . 1 2 . 2 Special Weapon 27 | . . . . . . . . . . 1 5 3 6 1 . . . 1 5 . . 1 . . 1 2 . 1 Impact Weapon . | . . . . . . . . . . . . . . . . . . . . . . . . . . . . . Slashing Weapon 26 | . . . . . . . . . 3 1 4 . 5 4 1 2 . . 1 . . 1 1 . . 1 . 2 Piercing Weapon . | . . . . . . . . . . . . . . . . . . . . . . . . . . . . . Special Melee Weapon 1 | . . . . . . . . . . . 1 . . . . . . . . . . . . . . . . . Unidentified Prototypes 7 | . . . 1 . . . 2 . 1 . 1 . . . . . . . . . . . . . . . . 2 Parts Lost 40 | . . 5 4 . . . 2 . . 2 . . . 1 . 1 . . 3 . 1 . . . . . . 21 Power 6 | . . . 1 . . . . . . 2 . . . . . . . . . . . . . . . . . 3 Propulsion 8 | . . 2 1 . . . . . . . . . . 1 . 1 . . . . . . . . . . . 3 Utility 10 | . . . . . . . 1 . . . . . . . . . . . 1 . . . . . . . . 8 Weapon 16 | . . 3 2 . . . 1 . . . . . . . . . . . 2 . 1 . . . . . . 7 Highest Loss Streak 16 | . . 5 2 . . . 1 . . 1 . . . 1 . 1 . . 2 . 1 . . . . . . 16 Average Slot Usage (%) 91 | . 96 97 98 100 100 100 99 100 99 98 91 91 91 91 91 78 92 93 96 98 95 94 83 76 81 86 73 79 Engine 3 | . 8 . 8 11 11 11 9 9 9 5 6 7 2 . . . . . . . . . . . . . . . Core 2 | . 5 14 2 . . . . . . 3 . . 4 7 6 7 7 6 6 6 6 11 9 5 5 1 . . Reactor 2 | . . . . . . . . . . . . . . . . . . . . . . . 1 5 5 9 11 10 Treads 14 | . 28 25 17 22 22 22 18 9 26 26 8 23 11 12 23 15 . . . . . . 6 11 16 15 11 10 Leg 3 | . . . . . . . . . . . . . . . . 6 23 20 20 20 20 23 8 . . . . . Wheel 4 | . . 1 15 11 11 11 9 17 . . 13 . 11 9 . . . . . . . . . . . . . . Device 5 | . . . . . . . . . . . . 5 2 6 7 3 7 13 7 13 9 5 3 . 2 14 16 13 Storage 23 | . 15 28 31 33 33 33 27 29 36 36 23 23 23 23 23 23 23 20 20 20 20 17 17 17 17 17 17 16 Processor 2 | . 8 . . . . . . . . . . . . . . 3 . 6 6 6 6 5 5 5 5 5 5 4 Hackware 1 | . . . . . . . . . . . 5 1 3 . . . . . 5 4 6 5 5 4 2 . . . Protection 4 | . . . . . . . 8 6 . . 7 7 8 8 7 7 7 6 8 6 6 5 4 5 5 4 5 4 Energy Gun 3 | . 4 . . . . . . . . . 1 15 15 15 15 1 7 6 . . . . . . . . . . Energy Cannon 2 | . . . . . . . . . . 6 4 . . . . 3 7 5 3 6 7 11 5 5 7 5 . 2 Ballistic Gun 9 | . 22 26 21 22 22 21 26 27 26 11 4 . . . . 1 7 4 9 . . . . . . 1 3 10 Special Weapon 1 | . . . . . . . . . . . 1 6 4 3 . . . 1 2 6 6 3 5 5 4 2 . . Slashing Weapon 1 | . . . . . . . . . . . 1 . 2 3 1 3 . . 1 6 3 1 5 5 3 2 . . Naked Turns 21 | . . . . . . . . . . . . . . . . . . . . . . . . . . . . 21 Heaviest Build 197 | 10 51 75 94 94 94 95 105 114 115 120 151 142 142 149 139 142 142 144 152 146 160 163 184 186 192 197 162 192 Greatest Support 160 | 40 40 40 36 12 12 12 12 24 60 60 60 60 60 60 60 84 84 84 84 84 84 112 140 140 140 160 160 160 Greatest Overweight (x) 53 | . 1 3 7 7 7 7 8 8 4 5 6 2 5 12 2 2 1 1 1 1 1 1 2 1 1 1 53 3 Average Overweight (x) 3 | . . 1 5 7 7 7 8 4 1 1 4 2 4 5 2 1 1 1 1 1 1 1 1 1 1 . 14 . Largest Inventory Capacity 34 | 6 16 20 26 26 26 26 26 32 32 32 34 28 28 28 28 28 28 28 28 28 28 28 28 28 28 28 28 28 Average Capacity 27 | 5 10 19 25 26 26 26 26 27 32 32 28 28 28 28 28 28 28 28 28 28 28 28 28 28 28 28 28 27 Most Carried 33 | 5 16 17 26 26 26 26 26 32 32 32 33 28 28 28 28 28 27 28 28 28 28 28 28 28 27 28 28 28 Average Carried 26 | 3 9 16 19 25 25 26 25 27 31 31 28 27 27 27 27 26 27 25 27 27 27 27 27 27 25 26 27 27 Final Capacity 32 | 6 16 20 26 26 26 26 26 32 32 32 28 28 28 28 28 28 28 28 28 28 28 28 28 28 28 28 28 4 Final Carried 32 | 5 16 12 26 26 26 26 26 32 32 32 28 28 28 28 28 27 27 28 28 28 28 28 28 27 25 28 28 3 Class Distribution -------------------- 27% | Bothacker-Mutant 24% | Botlord-Mutant 12% | Hauler-Mutant 11% | Bothacker-Skirmisher 6% | Hauler-Skirmisher 4% | Botlord-Assassin 4% | Mutant 4% | Botlord-Skirmisher Dominant Class ---------------- Mutant | -10/Materials Hauler-Mutant | -10/Mines Hauler-Mutant | -9/Materials Hauler-Mutant | -9/Mines Hauler-Mutant | -9/Exiles Hauler-Mutant | -8/Mines Hauler-Skirmisher | -8/Materials Hauler-Skirmisher | -8/Garrison Bothacker-Skirmisher | -8/Materials Bothacker-Skirmisher | -8/Garrison Bothacker-Mutant | -7/Factory Bothacker-Mutant | -7/Garrison Bothacker-Mutant | -7/Factory Bothacker-Mutant | -7/Lower Caves Bothacker-Mutant | -7/Lower Caves Bothacker-Gladiator | -7/Data Miner Bothacker-Tank | -6/Proximity Caves Bothacker-Mutant | -6/Factory Botlord-Mutant | -6/Garrison Botlord-Assassin | -6/Factory Botlord-Assassin | -6/Garrison Botlord-Mutant | -5/Factory Botlord-Assassin | -5/Waste Botlord-Mutant | -5/Factory Botlord-Mutant | -5/Extension Botlord-Mutant | -5/Cetus Botlord-Mutant | -5/Archives Botlord-Skirmisher | -5/Hub_04(d) Resources | -11 -10 -10 -9 -9 -9 -8 -8 -8 -8 -8 -7 -7 -7 -7 -7 -7 -6 -6 -6 -6 -6 -5 -5 -5 -5 -5 -5 -5 ----------- Run | Scr Mat Min Mat Min Exi Min Mat Gar Mat Gar Fac Gar Fac Low Low Dat Pro Fac Gar Fac Gar Fac Was Fac Ext Cet Arc Hub Matter Collected 11164 | 275 459 47 1201 114 . 42 556 906 973 450 888 510 538 299 112 175 28 . 923 52 237 75 133 75 351 262 545 938 Remotely . | . . . . . . . . . . . . . . . . . . . . . . . . . . . . . Salvage Created 15273 | 120 566 . 1491 145 . 51 712 750 1545 617 1334 392 366 758 113 353 . 61 787 132 302 175 591 94 589 178 495 2556 Parts 759 | 6 41 . 83 14 . 12 42 34 72 42 60 22 18 24 9 14 . 9 45 2 13 9 9 7 29 13 31 99 Haulers Intercepted 14 | . 2 . 4 . . . 2 . 4 . . . . . . . . . . . . . . . . . . 2 Recyclers Shooed 11 | . . 2 2 . . . 1 . 3 . 2 . . . . . . . . . . . . 1 . . . . Parts Field Recycled . | . . . . . . . . . . . . . . . . . . . . . . . . . . . . . Retrieved Matter . | . . . . . . . . . . . . . . . . . . . . . . . . . . . . . Parts Self-Destructed 21 | . . . . . . . . . . . . . . 14 7 . . . . . . . . . . . . . Prevented 7 | . . . . . . . . . . . . . . 7 . . . . . . . . . . . . . . Kills | -11 -10 -10 -9 -9 -9 -8 -8 -8 -8 -8 -7 -7 -7 -7 -7 -7 -6 -6 -6 -6 -6 -5 -5 -5 -5 -5 -5 -5 ------- Run | Scr Mat Min Mat Min Exi Min Mat Gar Mat Gar Fac Gar Fac Low Low Dat Pro Fac Gar Fac Gar Fac Was Fac Ext Cet Arc Hub Combat Hostiles Destroyed 225 | . 12 2 22 4 . 5 9 14 16 17 11 13 6 14 4 4 . 4 22 . 7 2 2 2 6 2 2 23 Melee 11 | . . . . . . . . . . . 3 . 2 . . . . . . . 1 . 2 1 2 . . . Guns 124 | . 12 2 22 4 . 1 9 14 16 1 5 7 4 1 1 . . . 7 . . . . . . 1 2 15 Cannons 21 | . . . . . . . . . . 2 3 . . 1 . . . . 6 . 3 2 . 1 3 . . . AOE 52 | . . . . . . 4 . . . 12 . 6 . 10 3 . . 4 8 . 3 . . . 1 . . 1 Classes Destroyed 21 | 2 4 1 3 . . 1 1 2 . . 1 . 1 1 . . . . . . . . 1 . 1 . . 2 Worker 17 | . . . 3 2 . . . . 1 . 3 . . . . . . . . . . . . . . . . 8 Builder 10 | . . . . . . . 1 . . . 3 . 1 . . . . . . . . . . . 1 . . 4 Tunneler 5 | 1 . . 1 1 . . . . . . 1 . . . . . . . . . . . . . . . . 1 Hauler 14 | . 2 . 4 . . . 2 . 4 . . . . . . . . . . . . . . . . . . 2 Recycler 24 | 1 1 . 3 . . . 1 . 5 . 8 . 1 . . . . . . 1 . . . . . . . 3 Minesweeper 1 | . . . . . . . . . . . . . . 1 . . . . . . . . . . . . . . Operator 14 | . . . 2 . . . . . . . . . 1 . . . . . . . . . . . 1 . 9 1 Watcher 13 | . 2 . 3 . . . 2 . 2 . . . . . . . . . . . . . . . 1 1 . 2 Swarmer 67 | . 6 . 2 4 . 4 . 1 . 11 . 8 . 4 3 . . 4 11 . 5 . . . . . . 4 Saboteur 1 | . . . . . . . . . . . . . . . . . . . . . . . . . . . . 1 Grunt 82 | . 6 . 16 . . . 7 8 11 . 4 5 3 5 . . . . 8 . 1 . . . 1 . . 7 Brawler 6 | . . . . . . . . 1 . . 1 . . 4 . . . . . . . . . . . . . . Protector 3 | . . . . . . . . . . . . . . . . . . . . . . . . . . . . 3 Sentry 28 | . . . 4 . . . 2 . 4 2 1 . 1 1 1 . . . 2 . . 1 . . 3 . 2 4 Demolisher 2 | . . 2 . . . . . . . . . . . . . . . . . . . . . . . . . . Specialist 3 | . . . . . . . . 2 . . . . . . . . . . . . 1 . . . . . . . Hunter 16 | . . . . . . 1 . 3 1 4 2 . . . . . . . 1 . 1 1 . . 1 1 . . Programmer 8 | . . . . . . . . . . . 3 . 1 . . . . . . . . 1 . 2 . . . 1 Behemoth 1 | . . . . . . . . . . . . . . . . . . . . . . . . . 1 . . . Compactor 2 | . . . . . . . . . . . . . . . . . . . . . . . 2 . . . . . Cetus Guard 1 | . . . . . . . . . . . . . . . . . . . . . . . . . . 1 . . Enhanced Grunt 6 | . . . . . . . . . . . . . . . . 4 . . . . . . . . . . . 2 Lightning 3 | . . . . . . . . . . . . . . . . . . . . . . . . . . . . 3 Packrat 1 | . . . . . . . . . . . . . . 1 . . . . . . . . . . . . . . Assembled 1 | . . . . . . . . . . . . . 1 . . . . . . . . . . . . . . . Guerrilla 1 | . . . . . . . . . . . . . . . . . . . . . . . . . 1 . . . Commander 1 | . . . . . . . . . . . . . . 1 . . . . . . . . . . . . . . Best Kill Streak 19 | 2 4 2 7 4 . 4 4 3 12 13 5 3 3 7 3 3 . 4 9 1 4 1 1 1 6 1 3 19 Combat Bots Only 13 | . 3 2 7 4 . 4 4 3 5 13 2 3 2 7 3 3 . 4 9 . 4 1 1 1 4 1 1 13 Max Kills in Single Turn 19 | 1 1 1 2 1 . 3 1 2 2 9 2 2 1 3 2 2 . 4 4 1 3 1 1 1 2 1 1 19 Gunslinging 1 | . . . . . . . . . 1 . . . . . . . . . 1 . . . . . . . . . Exploded 9 | . . . . . . 3 . . . 9 . 2 . 3 2 . . 4 4 . 2 . . . 1 . . 1 Melee 1 | . . . . . . . . . . . 1 . 1 . . . . . . . 1 . 1 1 1 . . . Uniques/NPCs Destroyed 1 | . . . . . . . . . . . . . . . . . . . . . . . . . . 1 . . Revision 17 (-5/Cetus) Combat | -11 -10 -10 -9 -9 -9 -8 -8 -8 -8 -8 -7 -7 -7 -7 -7 -7 -6 -6 -6 -6 -6 -5 -5 -5 -5 -5 -5 -5 -------- Run | Scr Mat Min Mat Min Exi Min Mat Gar Mat Gar Fac Gar Fac Low Low Dat Pro Fac Gar Fac Gar Fac Was Fac Ext Cet Arc Hub Damage Taken 17960 | . 500 403 793 215 . 108 372 814 988 637 822 737 521 807 161 328 . 41 1742 42 641 265 20 146 859 262 134 5602 Core 2090 | . 103 69 102 20 . 10 9 101 122 60 59 35 47 35 . 50 . 12 142 14 92 46 . . 23 34 . 905 Absorbed by Shields 538 | . . . . . . . . 145 . . . 78 66 59 . . . . . . 7 . . . 23 94 . 66 Reduced by Siege Mode 139 | . . . . . . . . . . . . . . . . . . . . . . . . . . . . 139 Core Remaining (%) 63 | 100 . 31 . . . 67 . . . 46 . . . . . . 67 . . . 69 . . . . . . . Volleys Fired 975 | 5 77 11 119 15 . 6 40 51 75 33 64 47 47 21 6 10 11 10 81 8 48 16 6 11 60 9 30 58 Largest 3 | 2 2 2 2 2 . 2 3 3 3 3 3 2 2 3 2 1 1 3 3 1 2 2 1 1 2 2 3 3 Hottest 240 | 60 60 46 46 46 . 46 69 74 79 130 130 40 40 121 40 81 90 138 199 110 220 220 30 110 191 240 116 105 Shots Fired 1867 | 10 151 18 236 30 . 9 116 146 221 60 130 69 69 31 10 10 11 12 135 8 51 19 6 11 68 12 82 136 Gun 1428 | 10 148 18 236 30 . 6 114 146 221 20 78 44 45 15 8 . . 2 79 . . . . . . 3 78 127 Cannon 222 | . . . . . . . . . . 29 32 . . 2 . 6 11 8 31 4 29 13 . 9 37 4 4 3 Launcher 66 | . 3 . . . . 3 2 . . 3 1 10 1 11 2 4 . 1 6 . 2 . . . 6 5 . 6 Special 151 | . . . . . . . . . . 8 19 15 23 3 . . . 1 19 4 20 6 6 2 25 . . . Kinetic 1304 | 5 126 18 236 30 . 6 114 146 221 31 79 . . . . . . 1 84 . . . . . . 2 78 127 Thermal 272 | 5 22 . . . . . . . . 8 . 44 45 15 8 . 11 9 19 4 28 13 . 9 28 1 . 3 Explosive 24 | . 3 . . . . 3 2 . . 1 . 7 1 2 2 . . 1 2 . . . . . . . . . Electromagnetic 124 | . . . . . . . . . . 20 32 3 . 11 . 10 . . 11 . 3 . . . 15 9 4 6 Robot Hit Streak 25 | 5 15 6 17 4 . 7 16 14 11 23 9 10 9 13 6 12 . 14 17 20 4 10 16 22 25 4 13 19 Robot Miss Streak 7 | 1 4 2 5 2 . . 5 3 6 1 4 3 2 2 2 . . . 7 . 5 1 . . 1 2 2 4 Penetration Max 1 | . . . . . . . . 1 1 . 1 . . . . . . . . . . . . . . . 1 1 Secondary Targets 22 | . 1 . 2 1 . . 1 2 6 . . 3 . 1 . . . . 3 . . . . . . . . 2 Max Gunslinging Chain 1 | . 1 . 1 1 . . 1 1 1 . . 1 . 1 . . . . 1 . . . . . . . . 1 Shots Hit Robots 1239 | 7 93 11 163 17 . 6 69 88 120 42 100 30 56 22 6 7 . 2 106 6 21 15 38 10 50 4 56 94 Core Hits 603 | 3 34 7 51 7 . 8 31 28 46 23 34 21 18 23 4 4 . 4 66 4 10 3 4 2 17 13 19 119 Critical Hits 40 | . 1 . 4 1 . . 1 1 3 1 2 . 1 . . . . . 2 . . 1 . . 1 . 10 11 Critical Kills 15 | . . . . . . . . 1 1 1 . . . . . . . . . . . . . . 1 . 4 7 Critical Parts Destroyed 21 | . 1 . 3 1 . . 1 . 2 . 2 . 1 . . . . . 2 . . 1 . . . . 3 4 Melee Attacks 148 | . . . . . . . . . 3 7 34 . 25 2 . 1 . . 4 1 2 9 32 13 8 . . 7 Impact . | . . . . . . . . . . . . . . . . . . . . . . . . . . . . . Slashing 141 | . . . . . . . . . 3 7 27 . 25 2 . 1 . . 4 1 2 9 32 13 8 . . 7 Piercing . | . . . . . . . . . . . . . . . . . . . . . . . . . . . . . Sneak Attacks 66 | . . . . . . . . . . . 16 . 4 2 . 1 . . 1 1 1 5 32 . 2 . . 1 Combat Hostiles 40 | . . . . . . . . . . . 5 . . . . . . . . . 1 . 32 . 2 . . . Follow-up Attacks . | . . . . . . . . . . . . . . . . . . . . . . . . . . . . . Damage Inflicted 34085 | 78 873 116 2656 230 . 226 1058 1340 2269 1784 2851 849 1205 1671 383 383 . 233 2119 242 646 798 1885 357 1619 764 1482 5968 Guns 15291 | 78 873 116 2656 230 . 64 1033 1340 2250 186 859 308 698 209 96 . . . 764 . . . . . . 46 1415 2070 Cannons 3413 | . . . . . . . . . . 379 557 . . 58 . 132 . . 559 41 213 223 . 205 798 181 67 . Explosions 9049 | . . . . . . 162 25 . . 661 . 541 . 1168 287 96 . 233 693 89 290 . . . 511 537 . 3756 Melee 6214 | . . . . . . . . . . 469 1435 . 507 236 . 155 . . 103 112 143 575 1885 152 310 . . 132 Ramming 29 | . . . . . . . . . 19 . . . . . . . . . . . . . . . . . . 10 Kinetic 14183 | 46 776 116 2656 230 . 64 1033 1340 2250 283 900 . . . . . . . 958 . . . . . . 46 1415 2070 Thermal 3629 | 32 97 . . . . . . . . 167 . 308 698 515 96 . . . 268 41 213 223 . 205 683 83 . . Explosive 2314 | . . . . . . 162 25 . . 522 . 324 . 242 287 . . 233 519 . . . . . . . . . Electromagnetic 7716 | . . . . . . . . . . 343 516 217 . 678 . 228 . . 271 89 290 . . . 626 635 67 3756 Impact . | . . . . . . . . . . . . . . . . . . . . . . . . . . . . . Slashing 6214 | . . . . . . . . . . 469 1435 . 507 236 . 155 . . 103 112 143 575 1885 152 310 . . 132 Piercing . | . . . . . . . . . . . . . . . . . . . . . . . . . . . . . Highest Corruption 37 | . . . . . . . 3 3 5 5 6 6 9 10 10 10 10 . . 1 2 1 15 15 15 16 16 37 Average Corruption 7 | . . . . . . . 2 3 4 5 4 6 7 9 10 10 10 . . 1 1 1 12 15 15 15 9 11 Corruption Purged 16 | . . . . . . . . . . . . . . . . . . . . . . . . . . . 16 . Effects 693 | . . . . . . . 2 25 57 29 38 55 64 41 16 16 23 . . 1 11 1 15 25 78 38 107 51 Message Errors 143 | . . . . . . . . 4 10 8 9 15 11 10 2 4 9 . . . 4 1 3 1 17 9 21 5 Matter Fused 134 | . . . . . . . 1 7 9 6 11 12 13 5 3 3 3 . . . . . 1 3 16 3 27 11 Heat Flow Errors 76 | . . . . . . . 1 2 4 3 3 5 10 9 1 1 1 . . . 2 . . 5 5 4 16 4 Energy Discharges 75 | . . . . . . . . 3 9 3 4 5 9 2 2 . 3 . . . 1 . 1 3 8 10 9 3 Parts Rejected 8 | . . . . . . . . . . . . 3 . . 1 . . . . . . . 1 . 1 . . 2 Data Loss (minor) 80 | . . . . . . . . 3 7 2 4 6 14 7 2 2 2 . . 1 2 . 2 3 5 . 10 8 Data Loss (major) 32 | . . . . . . . . . 1 1 . 1 2 1 2 2 2 . . . . . 3 2 5 1 7 2 Misfires 13 | . . . . . . . . . 1 1 . 4 1 1 . . . . . . . . . 1 2 1 . 1 Alerts 1 | . . . . . . . . . . . . . . . . . . . . . . . . 1 . . . . Misdirections 28 | . . . . . . . . . . . . . . 3 2 4 1 . . . . . . 1 5 8 3 1 Targeting Errors 83 | . . . . . . . . 5 12 5 6 3 3 3 1 . 2 . . . 1 . 4 4 13 2 10 9 Weapon Failures 20 | . . . . . . . . 1 4 . 1 1 1 . . . . . . . 1 . . 1 1 . 4 5 Overload Shots 1 | . . . . . . . . . . . . . . . . . . . . . . . . . . 1 . . Overflow Damage 1208 | . . . . . . . . . . 18 297 7 70 125 8 95 . . 21 . 36 146 . 19 86 28 . 252 Projectiles 175 | . . . . . . . . . . . 12 . . . . . . . 15 . 34 . . 17 69 28 . . Explosions 209 | . . . . . . . . . . 2 . 7 . 10 8 . . . 6 . 2 . . . 14 . . 160 Melee 824 | . . . . . . . . . . 16 285 . 70 115 . 95 . . . . . 146 . 2 3 . . 92 Knockbacks 4 | . . . . . . . . . . 1 2 . . . . . . . 1 . . . . . . . . . Impact . | . . . . . . . . . . . . . . . . . . . . . . . . . . . . . Kinetic 4 | . . . . . . . . . . 1 2 . . . . . . . 1 . . . . . . . . . Secondary . | . . . . . . . . . . . . . . . . . . . . . . . . . . . . . Self-Inflicted Damage 541 | . 32 . . . . . . . . 55 . 64 . 83 25 . . . . 42 19 . . . 26 20 . 175 Shots 17 | . 1 . . . . . . . . 1 . 4 . 4 1 . . . . 1 1 . . . 1 1 . 2 Rammed 6 | . . . . . . . . . 4 . . . . . . . . . . . . . . . . . . 2 Targets Rammed 6 | . . . . . . . . . 4 . . . . . . . . . . . . . . . . . . 2 Kicked . | . . . . . . . . . . . . . . . . . . . . . . . . . . . . . Crushed . | . . . . . . . . . . . . . . . . . . . . . . . . . . . . . Highest Temperature 349 | . 20 10 18 4 . 4 245 148 190 184 349 265 283 337 192 204 265 104 323 72 294 228 16 297 332 223 287 269 Average Temperature 79 | . 5 3 6 1 . 2 39 48 67 45 110 74 84 103 71 75 89 39 82 32 92 60 9 138 96 87 106 76 Received Heat Transfer 3689 | . 150 . 312 . . . 207 306 513 45 162 138 147 144 36 42 . . 507 . 54 9 9 27 156 44 9 672 Effects 17 | . . . . . . . . . . . 5 . 1 1 . . . . . . . . . 7 . . . 3 Shutdowns 1 | . . . . . . . . . . . 1 . . . . . . . . . . . . . . . . . Energy Bleed 4 | . . . . . . . . . . . . . 1 1 . . . . . . . . . 2 . . . . Interference 12 | . . . . . . . . . . . 4 . . . . . . . . . . . . 5 . . . 3 Siege Activations 3 | . . . . . . . . . . . . . . . . . . . . . . . . . . . . 3 Total Turns 114 | . . . . . . . . . . . . . . . . . . . . . . . . . . . . 114 Longest Duration 74 | . . . . . . . . . . . . . . . . . . . . . . . . . . . . 74 Robots Corrupted 18 | . . . . . . . . . . 2 . . . 2 . 4 . . 1 . . . . . . 1 . 8 Combat Hostiles 17 | . . . . . . . . . . 2 . . . 2 . 4 . . 1 . . . . . . 1 . 7 Parts Fried 39 | . . . . . . . . . . 2 1 . . 3 . 2 . . . . 1 . . . 3 5 . 22 Impact Corruptions . | . . . . . . . . . . . . . . . . . . . . . . . . . . . . . Robots Melted . | . . . . . . . . . . . . . . . . . . . . . . . . . . . . . Combat Hostiles . | . . . . . . . . . . . . . . . . . . . . . . . . . . . . . Parts Melted 9 | 1 . . . . . . . . . . 1 3 2 1 . . . . . . 1 . . . . . . . Heat Transferred 4637 | 75 225 . . . . . . . . 396 . 592 1295 807 185 . . . 187 25 125 125 . 100 450 50 . . Parts Sabotaged . | . . . . . . . . . . . . . . . . . . . . . . . . . . . . . Parts Stolen . | . . . . . . . . . . . . . . . . . . . . . . . . . . . . . Parts Stripped . | . . . . . . . . . . . . . . . . . . . . . . . . . . . . . Power Chain Reactions 10 | . . . . . . . . . . 2 . . . 3 . . . . . . . . . . 2 1 . 2 Missiles Intercepted . | . . . . . . . . . . . . . . . . . . . . . . . . . . . . . Alert | -11 -10 -10 -9 -9 -9 -8 -8 -8 -8 -8 -7 -7 -7 -7 -7 -7 -6 -6 -6 -6 -6 -5 -5 -5 -5 -5 -5 -5 ------- Run | Scr Mat Min Mat Min Exi Min Mat Gar Mat Gar Fac Gar Fac Low Low Dat Pro Fac Gar Fac Gar Fac Was Fac Ext Cet Arc Hub Peak Influence 2849 | 10 188 36 378 253 . 149 217 635 456 801 439 782 641 . . . . 180 793 488 897 540 69 123 350 730 561 2849 Initial 470 | . 6 36 13 143 . . . 40 299 261 420 307 410 . . . . . 126 415 341 470 69 44 9 196 292 . Average 347 | 5 51 34 204 117 . 23 45 413 279 569 294 604 381 . . . . 68 508 443 648 448 62 61 159 432 216 1082 Maximum Alert Level 5 | . . . 1 1 . . 1 2 2 3 2 3 2 . . . . . 3 2 3 2 . . 1 3 2 5 Low Security (%) 37 | 100 100 100 51 83 . 100 98 20 30 . 20 . 9 . . . . 100 4 . . 5 100 100 78 5 46 13 Level 1 25 | . . . 48 16 . . 1 23 48 29 48 21 42 . . . . . 22 . 7 17 . . 21 45 34 14 Level 2 26 | . . . . . . . . 56 20 26 31 37 48 . . . . . 61 100 45 77 . . . 39 19 13 Level 3 9 | . . . . . . . . . . 44 . 41 . . . . . . 11 . 46 . . . . 8 . 19 Level 4 . | . . . . . . . . . . . . . . . . . . . . . . . . . . . . 21 Level 5 . | . . . . . . . . . . . . . . . . . . . . . . . . . . . . 18 High Security . | . . . . . . . . . . . . . . . . . . . . . . . . . . . . . Max Security . | . . . . . . . . . . . . . . . . . . . . . . . . . . . . . Squads Dispatched 42 | . 1 . 4 1 . . 5 . 5 . 5 . 5 . . . . 1 . 1 . 2 . 1 2 . . 9 Investigation 12 | . 1 . 2 1 . . 1 . 1 . 1 . . . . . . 1 . 1 . 1 . . 2 . . . Extermination 9 | . . . . . . . . . . . 3 . 3 . . . . . . . . 1 . 1 . . . 1 Reinforcement 10 | . . . 2 . . . 1 . 3 . 1 . 2 . . . . . . . . . . . . . . 1 Assault 5 | . . . . . . . . . . . . . . . . . . . . . . . . . . . . 5 Garrison 4 | . . . . . . . 3 . 1 . . . . . . . . . . . . . . . . . . . Intercept 2 | . . . . . . . . . . . . . . . . . . . . . . . . . . . . 2 Construction Impeded 2 | . . . . . . . . . . . 1 . 1 . . . . . . . . . . . . . . . Haulers Reinforced . | . . . . . . . . . . . . . . . . . . . . . . . . . . . . . Alert ID Control Effect 3 | . . . . . . . . . . . . . . . . . . . . . . 2 . 1 . . . . Stealth | -11 -10 -10 -9 -9 -9 -8 -8 -8 -8 -8 -7 -7 -7 -7 -7 -7 -6 -6 -6 -6 -6 -5 -5 -5 -5 -5 -5 -5 --------- Run | Scr Mat Min Mat Min Exi Min Mat Gar Mat Gar Fac Gar Fac Low Low Dat Pro Fac Gar Fac Gar Fac Was Fac Ext Cet Arc Hub Distress Signals 22 | . 1 . 4 . . . 2 . 7 . 3 . . . . . . . . . . 2 . . 1 2 . . Communications Jammed . | . . . . . . . . . . . . . . . . . . . . . . . . . . . . . Distress Signals . | . . . . . . . . . . . . . . . . . . . . . . . . . . . . . Times Spotted 437 | . 22 2 38 6 . 2 13 18 38 18 29 25 22 16 5 4 . 4 32 2 27 5 6 4 23 19 15 42 Peak Tracking Total 18 | . 4 2 5 4 . 3 2 5 4 12 4 7 4 9 4 2 . 4 7 1 6 4 3 2 6 5 1 18 Tactical Retreats 17 | . 1 . 3 1 . . 1 1 . 1 1 . 2 1 . . . . 2 . . . . . . . . 3 Traps | -11 -10 -10 -9 -9 -9 -8 -8 -8 -8 -8 -7 -7 -7 -7 -7 -7 -6 -6 -6 -6 -6 -5 -5 -5 -5 -5 -5 -5 ------- Run | Scr Mat Min Mat Min Exi Min Mat Gar Mat Gar Fac Gar Fac Low Low Dat Pro Fac Gar Fac Gar Fac Was Fac Ext Cet Arc Hub Traps Triggered 62 | . . . . . . . 2 7 1 4 7 8 3 1 . 2 . . 9 . 5 3 . 2 6 . . 2 Indirectly 6 | . . . . . . . . . . . 2 . . . . 2 . . . . 1 . . . . . . 1 Trap Hack Attempts . | . . . . . . . . . . . . . . . . . . . . . . . . . . . . . Triggered . | . . . . . . . . . . . . . . . . . . . . . . . . . . . . . Disarmed . | . . . . . . . . . . . . . . . . . . . . . . . . . . . . . Reprogrammed . | . . . . . . . . . . . . . . . . . . . . . . . . . . . . . Reused . | . . . . . . . . . . . . . . . . . . . . . . . . . . . . . Traps Extracted . | . . . . . . . . . . . . . . . . . . . . . . . . . . . . . Installed 3 | . . . . . . . . . . . . . . 1 . 2 . . . . . . . . . . . . Triggered 2 | . . . . . . . . . . . . . . 2 . . . . . . . . . . . . . . Machines | -11 -10 -10 -9 -9 -9 -8 -8 -8 -8 -8 -7 -7 -7 -7 -7 -7 -6 -6 -6 -6 -6 -5 -5 -5 -5 -5 -5 -5 ---------- Run | Scr Mat Min Mat Min Exi Min Mat Gar Mat Gar Fac Gar Fac Low Low Dat Pro Fac Gar Fac Gar Fac Was Fac Ext Cet Arc Hub Machines Disabled 88 | . . . . . . . 1 1 6 4 2 3 . . . . . 1 4 1 7 . . 1 7 1 5 44 Max in Single Turn 28 | . . . . . . . 1 1 1 1 1 1 . . . . . 1 1 1 1 . . 1 1 1 1 28 Garrison Access 2 | . . . . . . . . . . . . . 1 . . . . . . . . . . . . . . 1 Garrison Relay 14 | . . . . . . . . 1 . 2 . 3 . . . . . . 4 . 4 . . . . . . . Network Hub 3 | . . . . . . . . . . . . . . . . . . . . . . . . . . . . 3 Machines Sabotaged . | . . . . . . . . . . . . . . . . . . . . . . . . . . . . . Garrisons Compromised . | . . . . . . . . . . . . . . . . . . . . . . . . . . . . . Overloaded Fab Kills . | . . . . . . . . . . . . . . . . . . . . . . . . . . . . . Fab Network Shutdowns 1 | . . . . . . . . . . . . . 1 . . . . . . . . . . . . . . . Hacking | -11 -10 -10 -9 -9 -9 -8 -8 -8 -8 -8 -7 -7 -7 -7 -7 -7 -6 -6 -6 -6 -6 -5 -5 -5 -5 -5 -5 -5 --------- Run | Scr Mat Min Mat Min Exi Min Mat Gar Mat Gar Fac Gar Fac Low Low Dat Pro Fac Gar Fac Gar Fac Was Fac Ext Cet Arc Hub Machines Accessed 70 | . 7 1 4 1 1 . 5 . 7 . 5 . 7 1 . 4 . 4 . 2 . 6 . 1 12 1 . 1 Terminals 45 | . 6 . 3 . . . 3 . 6 . 1 . 5 . . . . 3 . . . 3 . 1 12 1 . 1 Fabricators 7 | . . . . . . . . . . . 3 . 1 . . . . . . . . 3 . . . . . . Repair Stations 1 | . . . . . . . . . . . . . . . . . . . . 1 . . . . . . . . Recycling Units 2 | . 1 . 1 . . . . . . . . . . . . . . . . . . . . . . . . . Scanalyzers 1 | . . . . . . . 1 . . . . . . . . . . . . . . . . . . . . . Garrison Access 6 | . . . . . . . 1 . 1 . 1 . 1 . . . . 1 . 1 . . . . . . . . Total Hacks 233 | . 37 1 9 1 1 . 37 . 24 . 11 . 18 5 . 25 . 10 . 4 . 13 . 2 28 2 . 5 Successful 133 | . 15 1 4 1 1 . 26 . 10 . 7 . 9 5 . 25 . 7 . 4 . 4 . 1 10 . . 3 Failed 100 | . 22 . 5 . . . 11 . 14 . 4 . 9 . . . . 3 . . . 9 . 1 18 2 . 2 Catastrophic 15 | . 1 . 1 . . . 1 . 2 . 3 . 3 . . . . . . . . 1 . . 2 1 . . Database Lockouts . | . . . . . . . . . . . . . . . . . . . . . . . . . . . . . Manual 102 | . 25 . 8 . 1 . 15 . 18 . 3 . 7 . . . . 1 . 2 . 5 . . 12 2 . 3 Terminals 146 | . 34 . 8 . . . 16 . 23 . 1 . 14 . . . . 7 . . . 6 . 2 28 2 . 5 Fabricators 17 | . . . . . . . . . . . 8 . 2 . . . . . . . . 7 . . . . . . Repair Stations 1 | . . . . . . . . . . . . . . . . . . . . 1 . . . . . . . . Recycling Units 4 | . 3 . 1 . . . . . . . . . . . . . . . . . . . . . . . . . Scanalyzers 17 | . . . . . . . 17 . . . . . . . . . . . . . . . . . . . . . Garrison Access 15 | . . . . . . . 4 . 1 . 2 . 2 . . . . 3 . 3 . . . . . . . . Terminal Hacks 75 | . 12 1 2 1 1 . 4 . 6 . . . 4 5 . 25 . 4 . . . 1 . 1 7 . . 1 Record 16 | . . . . . . . . . . . . . . 5 . 11 . . . . . . . . . . . . Part Schematic 8 | . 2 . . . . . . . . . . . . . . 5 . 1 . . . . . . . . . . Robot Schematic 7 | . . . . . . . . . . . . . 1 . . 6 . . . . . . . . . . . . Robot Analysis 4 | . 3 . 1 . . . . . . . . . . . . . . . . . . . . . . . . . Prototype ID Bank 6 | . 1 . . . . . 1 . . . . . . . . 3 . 1 . . . . . . . . . . Open Door 8 | . . 1 . 1 . . . . . . . . . . . . . . . . . . . 1 5 . . . Branch Access Points 2 | . . . . . . . . . 1 . . . 1 . . . . . . . . . . . . . . . Terminal Index 1 | . 1 . . . . . . . . . . . . . . . . . . . . . . . . . . . Unreport Threat 6 | . 1 . 1 . . . 1 . 2 . . . . . . . . . . . . 1 . . . . . . Locate Traps 5 | . 1 . . . . . 1 . . . . . 1 . . . . 1 . . . . . . . . . 1 Hauler Manifests 4 | . . . . . . . 1 . . . . . 1 . . . . 1 . . . . . . 1 . . . Registered Components 1 | . . . . . . . . . . . . . . . . . . . . . . . . . 1 . . . Zone Layout 6 | . 3 . . . . . . . 3 . . . . . . . . . . . . . . . . . . . EX-Prototype ID Bank 1 | . . . . . 1 . . . . . . . . . . . . . . . . . . . . . . . Fabricator Hacks 6 | . . . . . . . . . . . 4 . 1 . . . . . . . . 1 . . . . . . Load Schematic 3 | . . . . . . . . . . . 2 . . . . . . . . . . 1 . . . . . . Build 3 | . . . . . . . . . . . 2 . 1 . . . . . . . . . . . . . . . Repair Station Hacks . | . . . . . . . . . . . . . . . . . . . . . . . . . . . . . Recycling Unit Hacks . | . . . . . . . . . . . . . . . . . . . . . . . . . . . . . Scanalyzer 16 | . . . . . . . 16 . . . . . . . . . . . . . . . . . . . . . Insert Component 7 | . . . . . . . 7 . . . . . . . . . . . . . . . . . . . . . Analyze 9 | . . . . . . . 9 . . . . . . . . . . . . . . . . . . . . . Garrison Access Hacks 9 | . . . . . . . 1 . 1 . 1 . 2 . . . . 2 . 2 . . . . . . . . Unlock Access 5 | . . . . . . . 1 . 1 . 1 . . . . . . 1 . 1 . . . . . . . . Seal Access 1 | . . . . . . . . . . . . . 1 . . . . . . . . . . . . . . . Coupler Status 3 | . . . . . . . . . . . . . 1 . . . . 1 . 1 . . . . . . . . Unauthorized Hacks 27 | . 3 . 2 . . . 5 . 3 . 2 . 2 . . . . 1 . 2 . 2 . . 3 . . 2 Terminals 18 | . 2 . 1 . . . 4 . 3 . . . 1 . . . . . . . . 2 . . 3 . . 2 Track 4 | . 1 . . . . . 1 . . . . . . . . . . . . . . . . . 1 . . 1 Assimilate 2 | . . . 1 . . . . . 1 . . . . . . . . . . . . . . . . . . . Botnet 7 | . . . . . . . 2 . 2 . . . 1 . . . . . . . . 1 . . 1 . . . Detonate 1 | . . . . . . . . . . . . . . . . . . . . . . . . . . . . 1 Operators 4 | . 1 . . . . . 1 . . . . . . . . . . . . . . 1 . . 1 . . . Fabricators 2 | . . . . . . . . . . . 1 . 1 . . . . . . . . . . . . . . . Haulers 2 | . . . . . . . . . . . 1 . 1 . . . . . . . . . . . . . . . Repair Stations 1 | . . . . . . . . . . . . . . . . . . . . 1 . . . . . . . . Mechanics 1 | . . . . . . . . . . . . . . . . . . . . 1 . . . . . . . . Recycling Units 2 | . 1 . 1 . . . . . . . . . . . . . . . . . . . . . . . . . Tunnel 2 | . 1 . 1 . . . . . . . . . . . . . . . . . . . . . . . . . Scanalyzers . | . . . . . . . . . . . . . . . . . . . . . . . . . . . . . Garrison Access 4 | . . . . . . . 1 . . . 1 . . . . . . 1 . 1 . . . . . . . . Reprogram 1 | . . . . . . . 1 . . . . . . . . . . . . . . . . . . . . . Eject 3 | . . . . . . . . . . . 1 . . . . . . 1 . 1 . . . . . . . . Data Cores Recovered 1 | . . . . . . . . . . . . . 1 . . . . . . . . . . . . . . . Used 1 | . . . . . . . . . . . . . 1 . . . . . . . . . . . . . . . Hacking Detections 54 | . 6 . 3 . . . 5 . 6 . 5 . 7 . . . . 4 . . . 6 . 1 8 2 . 1 Full Trace Events 5 | . . . 1 . . . 1 . 1 . . . . . . . . . . . . . . . 2 . . . Feedback Events . | . . . . . . . . . . . . . . . . . . . . . . . . . . . . . Feedback Blocked . | . . . . . . . . . . . . . . . . . . . . . . . . . . . . . Robot Schematics Acquired 7 | . . . . . . . . . . . . . 1 . . 6 . . . . . . . . . . . . Robots Built . | . . . . . . . . . . . . . . . . . . . . . . . . . . . . . Matter . | . . . . . . . . . . . . . . . . . . . . . . . . . . . . . Time . | . . . . . . . . . . . . . . . . . . . . . . . . . . . . . Total Robot Build Rating . | . . . . . . . . . . . . . . . . . . . . . . . . . . . . . Part Schematics Acquired 14 | . 2 . . . . . 6 . . . . . . . . 5 . 1 . . . . . . . . . . Parts Built 4 | . . . . . . . . . . . 3 . 1 . . . . . . . . . . . . . . . Matter 592 | . . . . . . . . . . . 380 . 212 . . . . . . . . . . . . . . . Time 184 | . . . . . . . . . . . 131 . 53 . . . . . . . . . . . . . . . Total Part Build Rating 19 | . . . . . . . . . . . 13 . 6 . . . . . . . . . . . . . . . Parts Repaired . | . . . . . . . . . . . . . . . . . . . . . . . . . . . . . Time . | . . . . . . . . . . . . . . . . . . . . . . . . . . . . . Parts Recycled . | . . . . . . . . . . . . . . . . . . . . . . . . . . . . . Recycled Matter . | . . . . . . . . . . . . . . . . . . . . . . . . . . . . . Retrieved Matter . | . . . . . . . . . . . . . . . . . . . . . . . . . . . . . Retrieved Components . | . . . . . . . . . . . . . . . . . . . . . . . . . . . . . Parts Scanalyzed 6 | . . . . . . . 6 . . . . . . . . . . . . . . . . . . . . . Part Schematics Acquired 6 | . . . . . . . 6 . . . . . . . . . . . . . . . . . . . . . Parts Damaged . | . . . . . . . . . . . . . . . . . . . . . . . . . . . . . Bothacking | -11 -10 -10 -9 -9 -9 -8 -8 -8 -8 -8 -7 -7 -7 -7 -7 -7 -6 -6 -6 -6 -6 -5 -5 -5 -5 -5 -5 -5 ------------ Run | Scr Mat Min Mat Min Exi Min Mat Gar Mat Gar Fac Gar Fac Low Low Dat Pro Fac Gar Fac Gar Fac Was Fac Ext Cet Arc Hub Used RIF Installer 5 | . . . . . . . . 1 . 1 . 1 . . . . . . 1 . 1 . . . . . . . Coupler Efficiency 1 | . . . . . . . . . . 1 . . . . . . . . . . . . . . . . . . Watcher Feeds 1 | . . . . . . . . . . . . 1 . . . . . . . . . . . . . . . . Alert ID Control 1 | . . . . . . . . . . . . . . . . . . . . . 1 . . . . . . . Autooverride 1 | . . . . . . . . . . . . . . . . . . . 1 . . . . . . . . . Robots Hacked 70 | . . . . . . . . . . . 16 7 10 . . . . 1 9 2 11 4 6 1 3 . . . Non-combat 19 | . . . . . . . . . . . 8 . 4 . . . . 1 . 2 . 3 . . 1 . . . Combat 51 | . . . . . . . . . . . 8 7 6 . . . . . 9 . 11 1 6 1 2 . . . Autooverrided 4 | . . . . . . . . . . . . . . . . . . . 1 . 3 . . . . . . . Robot Hacks Applied 72 | . . . . . . . . . . . 17 7 11 . . . . 1 10 2 9 4 6 1 4 . . . find_chute 3 | . . . . . . . . . . . 1 . . . . . . 1 . . . 1 . . . . . . ignore_repairs 4 | . . . . . . . . . . . . . 2 . . . . . . 1 . 1 . . . . . . drop_inventory 5 | . . . . . . . . . . . 4 . . . . . . . . . . 1 . . . . . . find_recycling 1 | . . . . . . . . . . . 1 . . . . . . . . . . . . . . . . . summon_haulers 1 | . . . . . . . . . . . . . . . . . . . . . . . . . 1 . . . map_route 2 | . . . . . . . . . . . 1 . 1 . . . . . . . . . . . . . . . ignore_targets 6 | . . . . . . . . . . . . . . . . . . . . . . . 6 . . . . . find_garrison 2 | . . . . . . . . . . . 1 . 1 . . . . . . . . . . . . . . . scatter_targeting 1 | . . . . . . . . . . . . . . . . . . . 1 . . . . . . . . . spike_heat 1 | . . . . . . . . . . . . 1 . . . . . . . . . . . . . . . . amplify_resonance 1 | . . . . . . . . . . . . 1 . . . . . . . . . . . . . . . . reboot_system 4 | . . . . . . . . . . . 2 . 2 . . . . . . . . . . . . . . . overwrite_iff 4 | . . . . . . . . . . . . 1 . . . . . . 3 . . . . . . . . . streamctrl_high 4 | . . . . . . . . . . . . . . . . . . . 3 . . 1 . . . . . . formatsys_low 4 | . . . . . . . . . . . 1 . 1 . . . . . . 1 . . . . 1 . . . formatsys_high 29 | . . . . . . . . . . . 6 4 4 . . . . . 3 . 9 . . 1 2 . . . Relay Couplers Released 71 | . . . . . . . . 3 . 10 4 13 2 . . . . 4 15 3 14 . . . . . . 3 Ejected 11 | . . . . . . . . . . . 4 . . . . . . 4 . 3 . . . . . . . . Machine Destruction 60 | . . . . . . . . 3 . 10 . 13 2 . . . . . 15 . 14 . . . . . . 3 Attached 25 | . . . . . . . . . . . 5 2 4 . . . . . 5 1 4 1 . 1 2 . . . Robots Rewired 23 | . . . . . . . . 6 . . . . . 2 . . . . 3 . . . . . 12 . . . Allies Hacked 1 | . . . . . . . . . . . 1 . . . . . . . . . . . . . . . . . Hacks Repelled . | . . . . . . . . . . . . . . . . . . . . . . . . . . . . . Allies | -11 -10 -10 -9 -9 -9 -8 -8 -8 -8 -8 -7 -7 -7 -7 -7 -7 -6 -6 -6 -6 -6 -5 -5 -5 -5 -5 -5 -5 -------- Run | Scr Mat Min Mat Min Exi Min Mat Gar Mat Gar Fac Gar Fac Low Low Dat Pro Fac Gar Fac Gar Fac Was Fac Ext Cet Arc Hub Total Allies 89 | . . . 1 . . . . 6 1 . 7 5 5 2 . . . . 12 1 11 1 1 1 30 5 . . Largest Group 14 | . . . 1 1 1 1 1 2 2 . 5 3 4 2 2 1 1 . 5 6 8 3 1 1 14 13 5 4 Highest-Rated Group 635 | . . . 10 9 9 9 9 42 42 . 116 52 93 62 62 32 32 . 174 196 174 100 31 49 550 635 494 360 Highest-Rated Ally 156 | . . . 10 9 9 9 9 21 21 . 32 20 32 32 32 32 32 . 41 38 38 49 31 49 156 156 134 94 Total Orders 61 | . . . . 4 . . . . 2 . 9 6 10 . . 2 . . 4 1 14 1 . . . 2 4 2 STAY 29 | . . . . 2 . . . . 1 . 5 2 4 . . 1 . . 2 . 6 1 . . . 2 2 1 FOLLOW 23 | . . . . 2 . . . . 1 . 3 2 4 . . 1 . . 2 . 5 . . . . . 2 1 AID 9 | . . . . . . . . . . . 1 2 2 . . . . . . 1 3 . . . . . . . Ally Attacks 646 | . . . . . . . . 16 47 . 45 21 35 . 5 . 2 . 7 4 74 14 25 7 147 155 10 32 Total Damage 14974 | . . . . . . . . 428 937 . 923 277 562 . 152 . 50 . 274 154 1441 309 436 232 2766 4420 456 1157 Kills 107 | . . . . . . . . 7 13 . 7 4 8 . 1 . . . 1 1 13 2 . 1 19 22 2 6 Allies Corrupted 2 | . . . . . . . . . . . . . . . . . . . . . . 1 . . . . . 1 Allies Melted 1 | . . . . . . . . . . . 1 . . . . . . . . . . . . . . . . . Intel | -11 -10 -10 -9 -9 -9 -8 -8 -8 -8 -8 -7 -7 -7 -7 -7 -7 -6 -6 -6 -6 -6 -5 -5 -5 -5 -5 -5 -5 ------- Run | Scr Mat Min Mat Min Exi Min Mat Gar Mat Gar Fac Gar Fac Low Low Dat Pro Fac Gar Fac Gar Fac Was Fac Ext Cet Arc Hub Robot Analysis Total 119 | . 3 . 1 . . . . . . . . . . . . 115 . . . . . . . . . . . . Derelict Logs Recovered 7 | . . . . 1 . . . . . . . . . 2 2 . 2 . . . . . . . . . . . Drone Launches . | . . . . . . . . . . . . . . . . . . . . . . . . . . . . . Drone Recoveries . | . . . . . . . . . . . . . . . . . . . . . . . . . . . . . Exploration | -11 -10 -10 -9 -9 -9 -8 -8 -8 -8 -8 -7 -7 -7 -7 -7 -7 -6 -6 -6 -6 -6 -5 -5 -5 -5 -5 -5 -5 ------------- Run | Scr Mat Min Mat Min Exi Min Mat Gar Mat Gar Fac Gar Fac Low Low Dat Pro Fac Gar Fac Gar Fac Was Fac Ext Cet Arc Hub Turns Passed 28958 | 133 1189 220 1144 801 400 693 1049 1214 1693 1144 1997 2100 1937 1040 369 412 537 297 1594 310 1298 519 288 461 1420 638 2980 1081 Spaces Moved 13168 | 71 569 105 516 466 246 379 494 682 766 514 1046 856 1048 560 165 188 319 170 740 176 688 297 120 210 659 309 326 483 Core 144 | 8 . . . . . . . . . . . . . . . . . . . . . . . . . . 98 38 Treads 5435 | 63 569 99 . . . . . . 763 514 80 856 213 109 165 118 . . . . . . 63 210 659 309 228 417 Legs 2545 | . . . . . . . . . . . . . . . . 70 319 170 740 176 688 297 57 . . . . 28 Wheels 5044 | . . 6 516 466 246 379 494 682 3 . 966 . 835 451 . . . . . . . . . . . . . . Hover . | . . . . . . . . . . . . . . . . . . . . . . . . . . . . . Flight . | . . . . . . . . . . . . . . . . . . . . . . . . . . . . . Fastest Speed 50 | 50 160 120 110 160 160 160 170 130 130 180 130 210 140 140 206 150 150 150 150 150 150 150 150 180 180 160 160 50 Average Speed 180 | 147 162 176 145 160 160 160 170 132 179 185 145 210 154 168 206 184 150 150 150 150 150 150 166 180 185 183 849 154 Slowest Speed 2700 | 160 180 180 160 160 160 160 170 170 180 260 210 210 210 210 210 206 150 150 150 150 150 150 180 180 186 186 2700 200 Overloaded Moves . | . . . . . . . . . . . . . . . . . . . . . . . . . . . . . Propulsion Burnouts . | . . . . . . . . . . . . . . . . . . . . . . . . . . . . . Robots Hopped . | . . . . . . . . . . . . . . . . . . . . . . . . . . . . . Cave-ins Triggered 1 | . . . . . . . . . . . . . . . . . . . . . . . . . . . . 1 Exploration Rate (%) 52 | 4 86 17 37 84 60 85 38 68 71 69 22 71 29 52 33 79 50 8 86 6 89 10 72 8 83 71 91 55 Regions Visited 28 Branch Regions 12 Pre-discovered Areas 27 | . 1 . 1 1 . . . . . . . . . 1 1 22 . . . . . . . . . . . . Known Exits Taken 7 | . . . . . . 1 1 . 1 . 1 . 1 . . . . 1 . 1 . . . . . . . . Unknown Exits Taken 14 | 1 1 1 1 1 1 . . . . . . . . 1 1 1 1 . . . . . . 1 1 1 1 . Scrap Searched 10 | . . 2 . 3 . 2 . . . . . . . 1 1 . 1 . . . . . . . . . . . Spaces Dug 167 | . 17 . . . . . 9 2 3 . 2 25 22 9 10 . 6 4 2 2 7 11 . 8 11 . . 17 Terrain Destroyed 1397 | . 24 . . . . 33 18 2 5 6 2 35 22 23 22 . 11 14 7 2 12 11 . 8 19 . 24 1097 Melee 36 | . . . . . . . . . 3 . 2 . 15 . . . . . . . . 4 . 5 2 . . 5 Projectile 121 | . . . . . . . . 2 2 . . . . . . . 11 7 3 2 12 7 . 3 10 . 24 38 AOE 1240 | . 24 . . . . 33 18 . . 6 . 35 7 23 22 . . 7 4 . . . . . 7 . . 1054 Terrain Rammed . | . . . . . . . . . . . . . . . . . . . . . . . . . . . . . Walls Destroyed . | . . . . . . . . . . . . . . . . . . . . . . . . . . . . . Machines Disabled . | . . . . . . . . . . . . . . . . . . . . . . . . . . . . . Actions | -11 -10 -10 -9 -9 -9 -8 -8 -8 -8 -8 -7 -7 -7 -7 -7 -7 -6 -6 -6 -6 -6 -5 -5 -5 -5 -5 -5 -5 --------- Run | Scr Mat Min Mat Min Exi Min Mat Gar Mat Gar Fac Gar Fac Low Low Dat Pro Fac Gar Fac Gar Fac Was Fac Ext Cet Arc Hub Total 16628 | 86 701 126 699 497 255 456 638 879 921 639 1372 1096 1268 624 183 244 364 198 1108 216 912 345 175 272 791 373 478 712 Wait 1309 | . 18 . 19 8 4 70 52 32 12 27 138 148 92 4 2 7 35 11 187 22 123 7 2 30 42 14 98 105 Move 13141 | 70 568 104 515 465 245 378 493 680 766 513 1045 855 1047 559 164 187 318 169 739 175 687 297 119 209 658 308 325 483 Hop . | . . . . . . . . . . . . . . . . . . . . . . . . . . . . . Pick Up 205 | 5 11 2 16 4 2 . 14 8 15 9 16 6 6 7 2 11 . 3 20 3 10 5 1 2 . 10 2 15 Fast Attach 90 | 6 4 . 6 . . . 2 1 3 7 10 5 8 5 2 2 . . 3 . . . 5 1 4 4 8 4 Attach 97 | . . 5 5 1 . . 7 1 3 6 6 3 2 2 2 9 . 2 10 3 4 2 . 2 2 7 . 13 Detach 16 | . . . 2 . . . 2 . 1 . 2 1 1 1 . 1 . . 2 . . . 1 . 1 1 . . Swap 205 | . 12 1 10 . . 2 11 4 13 12 30 9 18 11 2 3 . 3 20 1 7 6 1 1 4 6 5 13 Drop 246 | . 11 3 7 4 4 . 17 5 26 17 27 6 14 11 3 11 . . 17 3 7 3 8 3 3 14 10 12 Fire 975 | 5 77 11 119 15 . 6 40 51 75 33 64 47 47 21 6 10 11 10 81 8 48 16 6 11 60 9 30 58 Melee 148 | . . . . . . . . . 3 7 34 . 25 2 . 1 . . 4 1 2 9 32 13 8 . . 7 Ram 2 | . . . . . . . . . . . . . . . . . . . . . . . . . . . . 2 Kick . | . . . . . . . . . . . . . . . . . . . . . . . . . . . . . Crush 4 | . . . . . . . . . 4 . . . . . . . . . . . . . . . . . . . Escape Stasis 132 | . . . . . . . . 43 . 8 . 16 8 . . . . . 25 . 24 . . . 8 . . . Rewire 55 | . . . . . . . . 54 . . . . . . . . . . . . . . . . 1 . . . Trap 3 | . . . . . . . . . . . . . . 1 . 2 . . . . . . . . . . . . Miscellaneous . | . . . . . . . . . . . . . . . . . . . . . . . . . . . . . Route ------- -11/Scrapyard -10/Materials (discovered 3 exits: *Mat x2 / *Min) -10/Mines (discovered 2 exits: *Mat x2) -9/Materials (discovered 4 exits: *Mat / *Min / [*Sto x2]) -9/Mines (discovered 3 exits: *Mat x2 / *Exi) -9/Exiles -8/Mines -8/Materials -8/Garrison (discovered 3 exits: *Mat x3) -8/Materials (discovered 2 exits: *Fac / Gar) -8/Garrison (discovered 3 exits: *Fac x3) -7/Factory -7/Garrison (discovered 3 exits: *Fac x3) -7/Factory (discovered 2 exits: *Low x2) -7/Lower Caves -7/Lower Caves (discovered 2 exits: *Fac / *Dat) -7/Data Miner -6/Proximity Caves -6/Factory (discovered 3 exits: Fac / *Low / Gar) -6/Garrison (discovered 2 exits: *Fac x2) -6/Factory -6/Garrison (discovered 3 exits: *Fac x3) -5/Factory -5/Waste -5/Factory (discovered 2 exits: [*Upp] / *Ext) -5/Extension (discovered 2 exits: [*Fac] / *Cet) -5/Cetus (discovered 3 exits: [*Fac x2] / [*Arc]) -5/Archives (discovered 3 exits: [*Fac] / *Hub x2) -5/Hub_04(d) History --------- Turn | Location | Event 8 | -11/Scrapyard | Discovered new exit (range 16) 134 | -11/Scrapyard | Entered Materials 318 | -10/Materials | Build established: Mutant 567 | -10/Materials | Discovered new exit (range 15) 885 | -10/Materials | Discovered new exit (range 3) 1281 | -10/Materials | Discovered new exit (range 7) 1323 | -10/Materials | Entered Mines 1330 | -10/Mines | Found the Drone Emporium 1339 | -10/Mines | Found Prototype Device 1373 | -10/Mines | Discovered new exit (range 8) 1383 | -10/Mines | Received a Rocket Launcher from a helpful Derelict 1440 | -10/Mines | Discovered new exit (range 6) 1502 | -10/Mines | Assembled infested the area 1520 | -10/Mines | Core integrity fell below 50% 1543 | -10/Mines | Entered Materials 1543 | -9/Materials | Evolved 2 slots: Propulsion x1, Utility x1 1560 | -9/Materials | Lost 5 parts (2n3w) 1686 | -9/Materials | Build established: Hauler-Mutant 2017 | -9/Materials | Discovered new exit (range 15) 2182 | -9/Materials | Discovered new exit (range 5) 2207 | -9/Materials | Discovered new exit (range 14) 2240 | -9/Materials | Destroyed 7 combat bots 2484 | -9/Materials | Discovered new exit (range 6) 2687 | -9/Materials | Entered Mines 2687 | -9/Mines | Accompanied by 1 ally 2697 | -9/Mines | Met a Derelict bent on vengeance 2759 | -9/Mines | Found a damaged Exp. Sensor Array with a note attached 2763 | -9/Mines | Found Prototype Device 2800 | -9/Mines | Met a Derelict shopkeep closing up shop 2904 | -9/Mines | Identified exit to Materials 3103 | -9/Mines | Discovered exit to Materials (range 14) 3112 | -9/Mines | Learned location of Storage (-9) 3479 | -9/Mines | Deemed a non-threat by the Exiles lab entrance 3479 | -9/Mines | Discovered new exit (range 5) 3488 | -9/Mines | Entered Exiles 3488 | -9/Exiles | Accompanied by 1 ally 3528 | -9/Exiles | Met 8R-AWN 3562 | -9/Exiles | Met EX-HEX 3612 | -9/Exiles | Met EX-BIN 3631 | -9/Exiles | Aligned with FarCom system 3632 | -9/Exiles | Given EX-Vault access code 3669 | -9/Exiles | Opened EX-Vault 3731 | -9/Exiles | Found AWS/Autocannon 3741 | -9/Exiles | Exiles lab attacked by MAIN.C 3874 | -9/Exiles | Discovered new exit (range 10) 3888 | -9/Exiles | Left Exiles lab with AWS/Autocannon 3888 | -9/Exiles | Entered Mines 3888 | -8/Mines | Accompanied by 1 ally 4566 | -8/Mines | Discovered exit to Materials (range 7) 4581 | -8/Mines | Entered Materials 4581 | -8/Materials | Accompanied by 1 ally 4581 | -8/Materials | Evolved 2 slots: Utility x1, Weapon x1 4840 | -8/Materials | Garrison activated, responded to threat 4884 | -8/Materials | Build established: Hauler-Skirmisher 5418 | -8/Materials | Identified exit to Garrison 5581 | -8/Materials | Identified Decoy Drone Bay 5630 | -8/Materials | Entered Garrison 5782 | -8/Garrison | Triggered checkpoint 5827 | -8/Garrison | Triggered checkpoint 6016 | -8/Garrison | Discovered new exit (range 14) 6156 | -8/Garrison | Triggered checkpoint 6232 | -8/Garrison | Discovered new exit (range 12) 6314 | -8/Garrison | Triggered checkpoint 6356 | -8/Garrison | Discovered new exit (range 15) 6381 | -8/Garrison | Installed Relay Interface Framework 6416 | -8/Garrison | Triggered checkpoint 6490 | -8/Garrison | Garrison Relay disabled 6783 | -8/Garrison | Build established: Bothacker-Skirmisher 6844 | -8/Garrison | Entered Materials 6844 | -8/Materials | Accompanied by 2 allies 7271 | -8/Materials | Discovered new exit (range 16) 8525 | -8/Materials | Garrison activated, responded to threat 8537 | -8/Materials | Identified exit to Garrison 8537 | -8/Materials | Entered Garrison 8626 | -8/Garrison | Triggered checkpoint 8644 | -8/Garrison | Garrison Relay disabled 8859 | -8/Garrison | Triggered checkpoint 8991 | -8/Garrison | Discovered new exit (range 10) 9050 | -8/Garrison | Triggered checkpoint 9062 | -8/Garrison | Garrison Relay disabled 9157 | -8/Garrison | Triggered checkpoint 9176 | -8/Garrison | Core integrity fell below 50% 9186 | -8/Garrison | Triggered checkpoint 9227 | -8/Garrison | Destroyed 13 combat bots 9310 | -8/Garrison | Discovered new exit (range 14) 9483 | -8/Garrison | Discovered new exit (range 5) 9580 | -8/Garrison | Build established: Bothacker-Mutant 9651 | -8/Garrison | Expanded RIF knowledge: Coupler Efficiency 9681 | -8/Garrison | Entered Factory 9681 | -7/Factory | Evolved 2 slots: Utility x2 10075 | -7/Factory | Fabricated Adv. Transmission Jammer? 10594 | -7/Factory | Fabricated Arm. Treads? 11651 | -7/Factory | Identified exit to Garrison 11678 | -7/Factory | Entered Garrison 11678 | -7/Garrison | Accompanied by 1 ally 11689 | -7/Garrison | Expanded RIF knowledge: Patrol Navigation 11982 | -7/Garrison | Garrison Relay disabled 12118 | -7/Garrison | Triggered checkpoint 12168 | -7/Garrison | Triggered checkpoint 12185 | -7/Garrison | Triggered checkpoint 12372 | -7/Garrison | Discovered new exit (range 14) 12492 | -7/Garrison | Build established: Hauler-Mutant 12668 | -7/Garrison | Triggered checkpoint 12818 | -7/Garrison | Discovered new exit (range 14) 12858 | -7/Garrison | Triggered checkpoint 12868 | -7/Garrison | Build established: Bothacker-Mutant 12910 | -7/Garrison | Garrison Relay disabled 13077 | -7/Garrison | Discovered new exit (range 8) 13100 | -7/Garrison | Triggered checkpoint 13117 | -7/Garrison | Garrison Relay disabled 13778 | -7/Garrison | Entered Factory 13778 | -7/Factory | Accompanied by 1 ally 14869 | -7/Factory | Fabricated Lrn. Proton Cannon (x1) 15087 | -7/Factory | Identified exit to Lower Caves 15178 | -7/Factory | Local fabrication network quarantined 15501 | -7/Factory | Assembled infested ambush trap array 15715 | -7/Factory | Entered Lower Caves 15721 | -7/Lower Caves | Learned Factory stockpile data 15796 | -7/Lower Caves | Destroyed KC-VEX(g) 15821 | -7/Lower Caves | Learned location of 1 exit from Factory 15891 | -7/Lower Caves | Learned 8 Factory zone layouts 16195 | -7/Lower Caves | Attracted the attention of an 0b10 outpost 16225 | -7/Lower Caves | System corruption reached 10% 16256 | -7/Lower Caves | Destroyed 7 combat bots 16734 | -7/Lower Caves | Discovered new exit (range 5) 16755 | -7/Lower Caves | Entered another Lower Caves area 16755 | -7/Lower Caves | Accompanied by 2 allies 16834 | -7/Lower Caves | Learned 12 Factory zone layouts 16854 | -7/Lower Caves | Discovered new exit (range 5) 16923 | -7/Lower Caves | Encountered a Warlord checkpoint 16943 | -7/Lower Caves | Learned location of Zion (-6) 17066 | -7/Lower Caves | Attracted the attention of an 0b10 checkpoint 17116 | -7/Lower Caves | Discovered new exit (range 4) 17124 | -7/Lower Caves | Entered Data Miner 17124 | -7/Data Miner | Accompanied by 1 ally 17126 | -7/Data Miner | Discovered new exit (range 6) 17165 | -7/Data Miner | Met Data Miner 17200 | -7/Data Miner | Learned location of Section 7 (-2) 17200 | -7/Data Miner | Acquired the access code to Warlord's prototype stash 17241 | -7/Data Miner | Received God Mode back door access code from Data Miner 17306 | -7/Data Miner | Interfaced with the Data Conduit 17382 | -7/Data Miner | Found Exp. Thermal Shield 17536 | -7/Data Miner | Entered Proximity Caves 17536 | -6/Proximity Caves | Accompanied by 1 ally 17691 | -6/Proximity Caves | Learned Factory terminal intel 17724 | -6/Proximity Caves | Spotted B-75 Beast 17742 | -6/Proximity Caves | Build established: Bothacker-Tank 18030 | -6/Proximity Caves | Discovered new exit (range 16) 18073 | -6/Proximity Caves | Entered Factory 18073 | -6/Factory | Evolved 2 slots: Utility x2 18074 | -6/Factory | Identified exit to Factory 18075 | -6/Factory | Identified exit to Lower Caves 18077 | -6/Factory | Loaded intel: 294 machine locations 18078 | -6/Factory | Loaded intel: 20 terminal locations 18190 | -6/Factory | Build established: Bothacker-Mutant 18364 | -6/Factory | Identified exit to Garrison 18370 | -6/Factory | Entered Garrison 18371 | -6/Garrison | Loaded intel: 17 machine locations 18409 | -6/Garrison | Triggered checkpoint 18434 | -6/Garrison | Triggered checkpoint 18460 | -6/Garrison | Triggered checkpoint 18481 | -6/Garrison | Destroyed 9 combat bots 18481 | -6/Garrison | Triggered checkpoint 18619 | -6/Garrison | Discovered new exit (range 8) 18639 | -6/Garrison | Expanded RIF knowledge: Autooverride 18761 | -6/Garrison | Triggered checkpoint 18800 | -6/Garrison | Garrison Relay disabled 19135 | -6/Garrison | Triggered checkpoint 19174 | -6/Garrison | Garrison Relay disabled 19414 | -6/Garrison | Discovered new exit (range 7) 19616 | -6/Garrison | Triggered checkpoint 19661 | -6/Garrison | Garrison Relay disabled 19903 | -6/Garrison | Garrison Relay disabled 19957 | -6/Garrison | Build established: Botlord-Mutant 19964 | -6/Garrison | Entered Factory 19964 | -6/Factory | Accompanied by 5 allies 19965 | -6/Factory | Loaded intel: 221 machine locations 20256 | -6/Factory | Identified exit to Garrison 20274 | -6/Factory | Entered Garrison 20274 | -6/Garrison | Accompanied by 5 allies 20275 | -6/Garrison | Loaded intel: 18 machine locations 20278 | -6/Garrison | Build established: Botlord-Assassin 20374 | -6/Garrison | Triggered checkpoint 20395 | -6/Garrison | Garrison Relay disabled 20497 | -6/Garrison | Triggered checkpoint 20508 | -6/Garrison | Triggered checkpoint 20628 | -6/Garrison | Discovered exit to Factory (range 22) 20672 | -6/Garrison | Triggered checkpoint 20704 | -6/Garrison | Garrison Relay disabled 20808 | -6/Garrison | Triggered checkpoint 20826 | -6/Garrison | Triggered checkpoint 20961 | -6/Garrison | Triggered checkpoint 21010 | -6/Garrison | Discovered exit to Factory (range 14) 21058 | -6/Garrison | Expanded RIF knowledge: Alert ID Control 21390 | -6/Garrison | Discovered exit to Factory (range 11) 21408 | -6/Garrison | Build established: Botlord-Mutant 21418 | -6/Garrison | Triggered checkpoint 21516 | -6/Garrison | Garrison Relay disabled 21572 | -6/Garrison | Entered Factory 21572 | -5/Factory | Accompanied by 3 allies 21572 | -5/Factory | Evolved 2 slots: Power x1, Propulsion x1 21573 | -5/Factory | Loaded intel: 302 machine locations 22091 | -5/Factory | Sucked down chute 22091 | -5/Factory | Entered Waste 22092 | -5/Waste | Met a frightened Derelict 22106 | -5/Waste | EMP discharged 22139 | -5/Waste | Spotted C-40 Crusher 22141 | -5/Waste | Spotted C-40 Crusher 22163 | -5/Waste | Spotted C-40 Crusher 22193 | -5/Waste | Destroyed C-40 Crusher 22196 | -5/Waste | Spotted C-40 Crusher 22202 | -5/Waste | Spotted C-40 Crusher 22206 | -5/Waste | EMP discharged 22206 | -5/Waste | System corruption reached 10% 22246 | -5/Waste | Spotted C-40 Crusher 22264 | -5/Waste | Build established: Botlord-Assassin 22274 | -5/Waste | Destroyed C-40 Crusher 22280 | -5/Waste | Found Damper Plating 22306 | -5/Waste | EMP discharged 22344 | -5/Waste | Discovered new exit (range 16) 22379 | -5/Waste | Entered Factory 22380 | -5/Factory | Loaded intel: 281 machine locations 22495 | -5/Factory | Discovered new exit (range 11) 22576 | -5/Factory | Build established: Botlord-Mutant 22828 | -5/Factory | Discovered new exit (range 9) 22840 | -5/Factory | Entered Extension 22841 | -5/Extension | Loaded intel: 36 machine locations 23100 | -5/Extension | Rescued a captive Derelict 23101 | -5/Extension | Rescued a captive Derelict 23191 | -5/Extension | Rescued a captive Derelict 23247 | -5/Extension | Rescued a captive Derelict 23247 | -5/Extension | Rescued a captive Derelict 23646 | -5/Extension | Spotted B-75 Beast 23663 | -5/Extension | Allies destroyed B-75 Beast 23680 | -5/Extension | Spotted B-75 Beast 23702 | -5/Extension | Destroyed B-75 Beast 23773 | -5/Extension | Rescued A7 23810 | -5/Extension | Rescued a captive Derelict 23810 | -5/Extension | Rescued a captive Derelict 23838 | -5/Extension | Rescued a captive Derelict 23839 | -5/Extension | Rescued a captive Derelict 24006 | -5/Extension | Rescued a captive Derelict 24011 | -5/Extension | Rescued a captive Derelict 24081 | -5/Extension | Rescued a captive Derelict 24125 | -5/Extension | Rescued a captive Derelict 24125 | -5/Extension | Rescued a captive Derelict 24221 | -5/Extension | Discovered new exit (range 10) 24222 | -5/Extension | Discovered new exit (range 6) 24260 | -5/Extension | Entered Cetus 24260 | -5/Cetus | Accompanied by 13 allies (A7) 24261 | -5/Cetus | Loaded intel: 24 machine locations 24265 | -5/Cetus | Acquired a Cetus Manufacturing Module code from A7 24290 | -5/Cetus | Spotted Cetus Guard 24290 | -5/Cetus | Spotted Cetus Guard 24292 | -5/Cetus | Spotted Cetus Guard 24294 | -5/Cetus | Spotted Cetus Guard 24298 | -5/Cetus | Allies destroyed Cetus Guard 24308 | -5/Cetus | Allies destroyed Cetus Guard 24309 | -5/Cetus | Allies destroyed Cetus Guard 24310 | -5/Cetus | Allies destroyed Cetus Guard 24339 | -5/Cetus | Discovered new exit (range 15) 24484 | -5/Cetus | Started Cetus Manufacturing Module 24499 | -5/Cetus | Escorted A7 to Cetus Mainframe 24509 | -5/Cetus | Manufactured an Enhanced Grunt 24534 | -5/Cetus | Manufactured an Enhanced Grunt 24559 | -5/Cetus | Manufactured an Enhanced Grunt 24584 | -5/Cetus | Manufactured an Enhanced Grunt 24609 | -5/Cetus | Manufactured an Enhanced Grunt 24613 | -5/Cetus | Discovered new exit (range 16) 24647 | -5/Cetus | Spotted Cetus Guard 24647 | -5/Cetus | Spotted Cetus Guard 24652 | -5/Cetus | Spotted Cetus Guard 24653 | -5/Cetus | Spotted Cetus Guard 24666 | -5/Cetus | Discovered new exit (range 16) 24666 | -5/Cetus | Allies destroyed Cetus Guard 24667 | -5/Cetus | Allies destroyed Cetus Guard 24671 | -5/Cetus | Destroyed Cetus Guard 24671 | -5/Cetus | Allies destroyed Cetus Guard 24677 | -5/Cetus | Met Revision 17 24681 | -5/Cetus | Destroyed Revision 17 24898 | -5/Cetus | Entered Archives 24898 | -5/Archives | Accompanied by 5 allies (A7) 24899 | -5/Archives | Loaded intel: 8 machine locations 24903 | -5/Archives | Received a hacking code to weaken MAIN.C 25503 | -5/Archives | Discovered new exit (range 15) 25578 | -5/Archives | Discovered new exit (range 14) 25635 | -5/Archives | Discovered new exit (range 13) 27878 | -5/Archives | Entered Hub_04(d) 27878 | -5/Hub_04(d) | Accompanied by 4 allies 27879 | -5/Hub_04(d) | Loaded intel: 86 machine locations 27993 | -5/Hub_04(d) | Crushed by falling debris 28326 | -5/Hub_04(d) | Network Hub disabled 28357 | -5/Hub_04(d) | Network Hub disabled 28478 | -5/Hub_04(d) | First assault squad dispatched 28496 | -5/Hub_04(d) | Destroyed Lightning 28517 | -5/Hub_04(d) | Destroyed Lightning 28534 | -5/Hub_04(d) | Destroyed Lightning 28595 | -5/Hub_04(d) | Destroyed 13 combat bots 28600 | -5/Hub_04(d) | Lost 3 parts (1u2w) 28695 | -5/Hub_04(d) | Found Prototype Energy Cannon 28698 | -5/Hub_04(d) | Found Prototype Energy Cannon 28720 | -5/Hub_04(d) | Found Exp. Targeting Computer 28762 | -5/Hub_04(d) | Network Hub disabled 28821 | -5/Hub_04(d) | Spotted Lightning 28822 | -5/Hub_04(d) | Spotted Lightning 28823 | -5/Hub_04(d) | Spotted Lightning 28867 | -5/Hub_04(d) | Intercept squad dispatched 28881 | -5/Hub_04(d) | Spotted Tracker 28884 | -5/Hub_04(d) | Spotted B-75 Beast 28896 | -5/Hub_04(d) | Core integrity fell below 50% 28906 | -5/Hub_04(d) | System corruption reached 30% 28922 | -5/Hub_04(d) | Spotted Combat Programmer 28938 | -5/Hub_04(d) | Released all parts (6) 28949 | -5/Hub_04(d) | Core integrity fell below 20% 28959 | -5/Hub_04(d) | Destroyed by Tracker with Linked Autogun Last Messages --------------- 28924_ Penetrated by EMDS Slug. 28924_ Centrium Heavy Treads destroyed. 28925_ System corrupted: Substantial component data lost. 28925_ EMDS Slug penetrates Control Node. 28925_ Control Node disabled. 28927_ K-01 Serf collects debris. 28930_ Penetrated by EMDS Slug. 28932_ Enh. Biometal Leg destroyed. 28935_ Quantum Reactor destroyed. 28938_ Released Enh. Biometal Leg. 28938_ Released Adv. Weapon Cycler. 28938_ Released Adv. Terrain Scan Processor. 28938_ Released Hcp. Storage Unit. 28938_ Exp. Targeting Computer crushed and broken. 28938_ Relay Coupler [NC] crushed and broken. 28938_ Prototype Energy Cannon crushed and broken. 28938_ Slammed into K-01 Serf. 28940_ System corrupted: Component data lost. 28958_ Penetrated by EMDS Slug. 28959_ System corrupted: Component data lost. Map ----- +----------------------------------------------------+ | | | | | | | | | | | | | | | | | | | | | | | | | ??????????????????? ??#####?????????????? | | T"""???????????? #? ????????????? | | ?????????????? #! ????? ??????? | | ?????????????? ## ???? ??????? | | ????????????? # ???? #?????? | | ?""""???????? # ? #?????? | | ?""""??????? " """" #?????? | | ?""""??????? # "" """" #?????? | | ?""""??????? # "" """" #?????? | | ??????????? # """?"""" ####### | | ??????????? ## ###### ### # | | ?????????? T" # | | ?????????? s p k " + | | ?????????? @ ##### ## # | | ?????????? # ##?# #? | | ?????????? # g ##?#|*#? | | ??????????? # h ### #? | | ?????""???? # gbYg !!#? | | ?"""??G"???? ### #? | | ?????""????? ?# # | | ?"""???????? ### # | | ????????????? #?# + | | ?"""?"""????? k ##?# # | | ?????????????? ##??# # | | ?????????????? u g #???# # | | ??????????????? g #??## " | | ???????????????? g ####" ## | | ?????????????T???? k # # | | ???????????????????? # | | ??????????????????????? #=%### # | | ????#??? """"???????????? #?? ???## | | """??????"""" ???#???#????????#?#????????#"""" | | T""??????""""??????#??????????????#? ????#"""" | | ?????????""""??????????#?????#???????????#"""" | | ??????? ???????#???#???""??????#?????????#"""" | | """????????????#???????T"#######??????#??? | | ????????????? ? ?T"? ???? ??????????# | | ??????????????????" ? ? ??????? ????# | +----------------------------------------------------+ Best States ------------- Heat Dissipation 71 Energy Generation 54 Energy Capacity 550 Matter Stores 300 Matter Capacity 300 Sight Range 18 Terrain Scan Range 24 Terrain Scan Density 210 Jamming Range 16 Power Amplification 30 Armor Coverage 2400 Resistance: TH 30 Resistance: EM 90 Weapon Cycling 25 Evasion (%) 50 Melee Accuracy 6 Recoil Reduction 4 Offensive Hacking 10 Relay Coupler Types 80 Relay Coupler Value 2 Item Schematics ----------------- Hcp. Storage Unit | -10/Materials | Hacked Lrg. Storage Unit | -10/Materials | Hacked Arm. Treads | -8/Materials | Scanalyzed Lgt. Fission Core | -8/Materials | Scanalyzed Med. Reactive Plating | -8/Materials | Scanalyzed Arm. Wheel | -8/Materials | Scanalyzed Lrn. Terrain Scanner | -8/Materials | Scanalyzed Adv. Terrain Scan Processor | -8/Materials | Scanalyzed Cloaking Device | -7/Data Miner | Free Exp. Targeting Computer | -7/Data Miner | Free Exp. Terrain Scanner | -7/Data Miner | Free Lgt. Regenerative Plating | -7/Data Miner | Free Combat Drone Bay | -7/Data Miner | Free Adv. Hardlight Generator | -6/Factory | Hacked Robot Schematics ------------------ O-24 Administrator | -7/Factory | Hacked I-47 Archangel | -7/Data Miner | Free I-36 Angel | -7/Data Miner | Free H-66 Slayer | -7/Data Miner | Free X-72 Disruptor | -7/Data Miner | Free G-50 Soldier | -7/Data Miner | Free S-27 Virus | -7/Data Miner | Free Fabricated ------------ Adv. Transmission Jammer | x1 | -7/Factory | Preloaded Arm. Treads | x2 | -7/Factory Lrn. Proton Cannon | x1 | -7/Factory | Preloaded Alien Tech Used ----------------- None Achievements -------------- None Challenges ------------ None Game ------ Seed ThermalEnhancedSabre Manual? 0 Play Time 03:25:50 Cumulative 539.4 hours Start 2021.02.11 @ 17:43:19 End 2021.02.11 @ 21:38:47 Sessions 1 Manual Loads 0 Difficulty Rogue Special Mode None Game No. 341 Rogue 341 Adventurer 0 Explorer 0 Win Type - Total 6 Types 4/0/1/0/1/0/0/0/0 Lore% 88 Gallery% 89 Achievement% 70 Wizard Run 0 Options --------- ASCII 0 Keyboard 0 Movement Mouse Keybinds 1 Fullscreen 2 Font 24/Smallcaps Map View 68x50 Tactical HUD 1 Map Filters NONE Filters NONE Steam 1 RUN: 10d20ef7-b519-4436-a914-d302e0304138